 Dungeon Crawl Stone Soup version 0.27.1-34-g3ba077fa99 (webtiles) character file.

Game seed: 12247518446417913108

246 cbfl8 the Sneak (level 5, -26/47 HPs)
             Began as a Minotaur Delver on Jan 24, 2022.
             Annihilated by an ogre (30 damage)
             ... on level 3 of the Dungeon.
             The game lasted 00:06:28 (3194 turns).

cbfl8 the Sneak (Minotaur Delver)                   Turns: 3194, Time: 00:06:28

Health: -26/47     AC:  9    Str: 17    XL:     5   Next: 84%
Magic:  4/4        EV:  7    Int:  8    God:
Gold:   31         SH:  0    Dex: 11    Spells: 4/4 levels left

rFire    . . .     SeeInvis .   f - +2 scythe (flame)
rCold    . . .     Faith    .   (shield currently unavailable)
rNeg     . . .     Spirit   .   r - +0 chain mail
rPois    .         Reflect  .   (helmet restricted)
rElec    .         Harm     .   p - scarf {+Inv}
rCorr    .         Rampage  .   (no gloves)
Will     .....                  (no boots)
Stlth    ..........             t - amulet of the acrobat
HPRegen  0.15/turn              (no ring)
MPRegen  0.09/turn              (no ring)

@: no status effects
A: horns 2, retaliatory headbutt
a: Evoke Invisibility


You were on level 3 of the Dungeon.
You visited 1 branch of the dungeon, and saw 5 of its levels.

You collected 89 gold pieces.
You spent 58 gold pieces at shops.

Inventory:

Hand Weapons
 a - a +0 hand axe
 f - a +2 scythe of flaming (weapon)
 h - a +0 short sword of speed
Missiles
 i - 40 arrows
 m - 98 stones (quivered)
 u - 7 boomerangs
Armour
 b - a +0 leather armour
 p - a scarf of invisibility (worn)
 r - a +0 chain mail (worn)
Magical Staves
 s - a staff of conjuration
Jewellery
 t - an amulet of the acrobat (around neck)
Wands
 g - a wand of digging (3)
Scrolls
 c - 3 scrolls of fog
 d - a scroll of magic mapping
 e - 2 scrolls of fear
 j - a scroll of torment {unknown}
 k - a scroll of vulnerability {unknown}
 n - 4 scrolls of identify {unknown}
 o - a scroll of blinking {unknown}
 q - 2 scrolls of teleportation {unknown}
Potions
 l - a potion of heal wounds {unknown}


   Skills:
 + Level 4.3 Fighting
 + Level 2.3 Short Blades
 + Level 2.4 Axes
 + Level 3.9 Armour
 + Level 2.8 Dodging
 + Level 5.0 Stealth


You had 4 spell levels left.
You didn't know any spells.
Your spell library contained the following spells:

 Spells                   Type           Power      Damage    Failure   Level
 Magic Dart               Conj           0%         1d3       99%         1
 Call Imp                 Summ           0%         N/A       100%        2
 Call Canine Familiar     Summ           0%         N/A       100%        3
 Mephitic Cloud           Conj/Pois/Air  0%         N/A       100%        3
 Portal Projectile        Hex/Tloc       0%         N/A       100%        3
 Leda's Liquefaction      Hex/Erth       0%         N/A       100%        4


Dungeon Overview and Level Annotations

Branches:
Dungeon (5/15)
 Temple: D:4-7

Altars:
Cheibriados
Gozag
Ru

Shops:
D:2 [


Innate Abilities, Weirdness & Mutations

You have a pair of horns on your head.
You reflexively headbutt those who attack you in melee.


Message History

You closely miss the orc wizard. The orc barely misses you.
The orc wizard hits you with a +0 dagger.
The hobgoblin barely misses you. x2; You furiously retaliate!
You headbutt the hobgoblin!
You kill the hobgoblin!
The orc priest hits you with a +0 mace. The orc hits you but does no damage. x2
The hobgoblin hits you but does no damage.
The orc priest closely misses you. The ogre hits you with a +0 giant club!
The orc closely misses you. You furiously retaliate!
You headbutt the orc. You closely miss the orc priest.
Your headbutt misses the orc priest.
The orc priest is lightly wounded.
The orc barely misses you. You furiously retaliate!
You headbutt the orc, but do no damage. The hobgoblin barely misses you.
You furiously retaliate!
You headbutt the hobgoblin, but do no damage.
The orc wizard hits you but does no damage.
The orc priest completely misses you. The orc hits you but does no damage.
The ogre barely misses you. You furiously retaliate!
You headbutt the ogre, but do no damage.
The orc barely misses you. The orc hits you with a +0 club.
The hobgoblin hits you but does no damage.
The orc wizard closely misses you. The orc priest barely misses you.
The orc barely misses you. The orc hits you with a +0 dagger.
You closely miss the orc priest. Your headbutt misses the orc priest.
The orc priest is lightly wounded.
The orc barely misses you. The hobgoblin barely misses you.
The orc wizard hits you with a +0 dagger.
The ogre barely misses you. You furiously retaliate!
You headbutt the ogre.
The orc priest invokes the aid of Beogh against you.
Pain shoots through your body!
* * * LOW HITPOINT WARNING * * *
The orc hits you but does no damage. x2; The orc barely misses you.
The orc wizard hits you but does no damage.
The hobgoblin barely misses you.
The orc priest invokes the aid of Beogh against you.
Pain shoots through your body!
* * * LOW HITPOINT WARNING * * *
The ogre hits you with a +0 giant club!!
Ouch! That really hurt!
You die...

..........#
..........# #
..........# ##
..........# #.
..<.......# #.
....$.....# #.
......oOg.# ##
......o@o.# ##
######oo### #.
##(# #. #.#### #.
#....### ###.
#......# ###...
#......######...#.
#.............###.
#.....†######## ##


You could see an ogre, an orc priest, an orc wizard, 3 orcs and a hobgoblin.

Vanquished Creatures
  Sigmund (D:3)
  3 adders
  An adder skeleton (D:4)
  A worm (D:2)
  2 dart slugs
  An orc (D:4)
  2 giant cockroaches
  4 goblins
  6 hobgoblins
  9 jackals
  5 kobolds
  A quokka (D:2)
  8 ball pythons
  9 bats
  3 frilled lizards
  2 rats
58 creatures vanquished.

Notes
Turn   | Place    | Note
-------+----------+-------------------------------------------
     0 | D:5      | cbfl8 the Minotaur Delver began the quest for the Orb.
     0 | D:5      | Reached XP level 1. HP: 19/19 MP: 0/0
   314 | D:4      | Reached XP level 2. HP: 21/26 MP: 1/1
   510 | D:2      | Found Bokuerch's Armour Boutique.
  1028 | D:1      | Reached XP level 3. HP: 33/33 MP: 2/2
  1682 | D:2      | Reached skill level 1 in Short Blades
  1682 | D:2      | Reached skill level 1 in Armour
  2003 | D:2      | Found a faded altar of an unknown god.
  2049 | D:2      | Found a snail-covered altar of Cheibriados.
  2063 | D:2      | Reached XP level 4. HP: 35/40 MP: 3/3
  2106 | D:2      | Bought a +0 chain mail for 58 gold pieces
  2491 | D:3      | Found a sacrificial altar of Ru.
  2508 | D:3      | Noticed Sigmund
  2840 | D:3      | Killed Sigmund
  2841 | D:3      | Reached skill level 5 in Stealth
  2841 | D:3      | Reached XP level 5. HP: 29/47 MP: 4/4
  3123 | D:3      | Found an opulent altar of Gozag.
  3188 | D:3      | Noticed an ogre
  3194 | D:3      | Annihilated by an ogre

Illustrated notes

Levels and vault maps discovered:
D:1:      giann_forest_graveyard, layout_basic
D:2:      layout_rooms, serial_shops, nicolae_shop_window_shopping,
          ebering_ecumenical_altar_webs, basic_altar
D:3:      layout_rooms, mainiacjoe_overflow_catch_the_wave, uniq_sigmund
D:4:      layout_layer_cave
D:5:      layout_loops_ring, zin_scriptorium, temple_hall

Skill      XL: |  1  2  3  4 |
---------------+-------------+-----
Fighting       | 4 |  4.3
Short Blades   | 1 2 |  2.3
Armour         | 1 3 |  3.9
Stealth        | 5 |  5.0
Axes           | |  2.4
Dodging        | |  2.8

Action                   |  1- 3 |  4- 6 || total
-------------------------+-------+-------++-------
Melee: Short sword       |   108 |    41 ||   149
       Headbutt          |    18 |    11 ||    29
       Hand axe          |     1 |       ||     1
       Scythe            |       |     8 ||     8
  Use: Scroll            |       |     1 ||     1
       Potion            |       |     1 ||     1
 Stab: Sleeping          |     4 |       ||     4
Armor: Leather armour    |    19 |       ||    19
       Chain mail        |       |    57 ||    57
Dodge: Dodged            |    62 |    52 ||   114
